 Dungeon Crawl Stone Soup version 0.25-a0-558-g78a2afb0af (webtiles) character file.

Game seed: 10360593243140154650, levelgen mode: deterministic

546 Leibowitz the Sneak (level 7, -3/38 HPs)
             Began as a Kobold Enchanter on Feb 24, 2020.
             Slain by an orc warrior
             ... wielding a +0 halberd
              (20 damage)
             ... on level 3 of the Dungeon.
             The game lasted 00:22:04 (5096 turns).

Leibowitz the Sneak (Kobold Enchanter)              Turns: 5096, Time: 00:22:05

Health: -3/38      AC:  7    Str:  5    XL:     7   Next: 53%
Magic:  6/12       EV: 15    Int: 18    God:
Gold:   106        SH:  0    Dex: 16    Spells: 7/13 levels left

rFire    . . .     SeeInvis .   a - +2 dagger (flame)
rCold    . . .     Gourm    .   (shield restricted)
rNeg     . . .     Faith    .   o - +0 troll leather armour {Purgy}
rPois    .         Spirit   .   (no helmet)
rElec    .         Reflect  .   l - +2 cloak
rCorr    .         Harm     .   (no gloves)
MR       .....                  (no boots)
Stlth    +++.......             p - amulet of rage
HPRegen  0.52/turn              h - ring of flight
MPRegen  0.13/turn              (no ring)

@: very slightly contaminated
A: small, carnivore
a: Evoke Berserk Rage, Evoke Flight


You were on level 3 of the Dungeon.
You were completely stuffed.

You visited 1 branch of the dungeon, and saw 4 of its levels.

You collected 106 gold pieces.

Inventory:

Hand Weapons
 a - a +2 dagger of flaming (weapon)
 s - a +1 dagger
Missiles
 m - 6 curare-tipped darts (quivered)
Armour
 l - a +2 cloak (worn)
 o - a +0 troll leather armour (worn) {Purgy}
Jewellery
 h - a ring of flight (left hand)
 p - an amulet of rage (around neck)
Wands
 b - a wand of polymorph (12)
Scrolls
 e - 8 scrolls of remove curse {unknown}
 g - a scroll of amnesia {unknown}
 i - 2 scrolls of enchant armour {unknown}
 j - 4 scrolls of identify {unknown}
 k - 2 scrolls of magic mapping {unknown}
 n - a scroll of noise {unknown}
 q - a scroll of teleportation {unknown}
 t - a scroll of enchant weapon {unknown}
Potions
 c - a potion of haste {unknown}
 f - a potion of curing
Comestibles
 d - 4 rations
 r - 4 chunks of flesh


   Skills:
 + Level 1.2 Fighting
 + Level 3.3 Short Blades
 + Level 0.2 Throwing
 + Level 0.7 Armour
 + Level 3.5 Dodging
 + Level 6.7 Stealth
 + Level 3.8 Spellcasting
 + Level 4.4 Hexes
 + Level 1.9 Ice Magic


You had 7 spell levels left.
You knew the following spells:

 Your Spells              Type           Power        Failure   Level  Hunger
a - Corona                Hex            ###....      3%          1    None
b - Ensorcelled Hibernat  Hex/Ice        ##....       10%         2    ##.....
c - Confusing Touch       Hex            ###.....     12%         3    ###....

Your spell library contained the following spells:

 Spells                   Type           Power        Failure   Level  Hunger
 Tukima's Dance           Hex            ###.....     12%         3    ###....
 Summon Small Mammal      Summ           #...         24%         1    None
 Dazzling Flash           Conj/Hex       ##....       28%         3    ###....
 Summon Guardian Golem    Hex/Summ       ##......     28%         3    ###....
 Call Imp                 Summ           #.......     36%         2    ##.....
 Call Canine Familiar     Summ           #.......     58%         3    ###....
 Summon Ice Beast         Ice/Summ       #.......     86%         4    ####...
 Summon Lightning Spire   Summ/Air       #.......     94%         4    ####...


Dungeon Overview and Level Annotations

Branches:
Dungeon (4/15)
 Temple: D:4-7

Altars:
The Shining One


Innate Abilities, Weirdness & Mutations

You are small and have problems with some larger weapons.
You are carnivorous and can eat meat at any time.


Message History

The orc warrior hits you with a +0 halberd!
You hit the orc warrior but do no damage.
You hit the orc warrior but do no damage.
The orc warrior appears confused.
The orc warrior barely misses you.
You barely miss the orc warrior.
The orc warrior hits you with a +0 halberd!
Things that are here:
a +0 dagger; a +0 whip; an orc skeleton You hit the orc warrior but do no damage.
You hit the orc warrior. You burn the orc warrior.
The orc warrior is lightly wounded.
The orc warrior barely misses you.
You catch the helpless orc warrior completely off-guard!
You puncture the orc warrior! You burn the orc warrior.
The orc warrior is almost dead.
You hit the orc warrior but do no damage.
The orc warrior is almost dead.
The orc warrior hits you with a +0 halberd!!
Ouch! That really hurt!
You die...

#......######### ##.#
#)#.##.....# #..#
#.#.##[....# #.##
#.#.)......###### #.#
#.####..........# #.#
#.#.............# #.#
#...............# #.#
###.###.###>....# #.##
#.....#o@)[...# #..#
#.###.#.#)##### ##.#
#.###.#.#.#### #.#
#...#[.......# #.#
#.#.#.#......#####.#
####.#.#.#............#
#........#......#######
##.##.............#
#####.....#..#..##..#.#
#


You could see an orc warrior (confused).

Vanquished Creatures
  Purgy (D:3)
  A scorpion (D:3)
  A howler monkey (D:4)
  An orc priest (D:3)
  4 orc wizards
  Crazy Yiuf (D:2)
  Terence (D:3)
  2 worker ants
  Robin (D:2)
  2 adders (D:2)
  An ooze (D:4)
  2 worms (D:2)
  2 dart slugs
  2 leopard geckos
  14 orcs
  A giant cockroach (D:1)
  16 goblins
  7 hobgoblins
  7 kobolds
  A quokka (D:4)
  7 bats
  5 frilled lizards
  6 rats
86 creatures vanquished.

Notes
Turn   | Place    | Note
-------+----------+-------------------------------------------
     0 | D:1      | Leibowitz the Kobold Enchanter began the quest for the Orb.
     0 | D:1      | Reached XP level 1. HP: 10/10 MP: 3/3
   339 | D:1      | Reached XP level 2. HP: 15/15 MP: 5/5
   343 | D:1      | Learned a level 2 spell: Ensorcelled Hibernation
   921 | D:1      | Reached XP level 3. HP: 14/19 MP: 0/6
   926 | D:1      | Learned a level 3 spell: Confusing Touch
  1833 | D:2      | Reached skill level 5 in Stealth
  1833 | D:2      | Reached XP level 4. HP: 22/24 MP: 3/8
  2734 | D:2      | Found a runed translucent door.
  2735 | D:2      | Noticed Crazy Yiuf
  2742 | D:2      | Killed Crazy Yiuf
  2926 | D:3      | Noticed Purgy
  3117 | D:3      | Reached skill level 1 in Ice Magic
  3166 | D:3      | Found a glowing golden altar of the Shining One.
  3175 | D:3      | Reached XP level 5. HP: 21/28 MP: 6/9
  3227 | D:3      | Noticed Robin
  3450 | D:2      | Killed Robin
  3691 | D:3      | Killed Purgy
  3691 | D:3      | Reached skill level 6 in Stealth
  3691 | D:3      | Reached XP level 6. HP: 33/33 MP: 5/11
  3889 | D:3      | Noticed Terence
  3922 | D:3      | Killed Terence
  4192 | D:4      | Reached skill level 1 in Fighting
  4366 | D:4      | Reached XP level 7. HP: 31/38 MP: 7/12
  5096 | D:3      | Slain by an orc warrior

Levels and vault maps discovered:
D:1:      matt_arrival_grand_opening, layout_basic
D:2:      layout_basic, uniq_crazy_yiuf_cottage
D:3:      layout_loops_cross, overflow_temple_1_default, uniq_purgy,
          uniq_terence, uniq_robin
D:4:      layout_cave_pools, minmay_temple_entry_slanted, serial_park_tiny_1,
          minmay_manual_mess

Skill      XL: |  1  2  3  4  5  6 |
---------------+-------------------+-----
Short Blades   | 2 3 |  3.3
Stealth        | 5 6 |  6.7
Spellcasting   | 3 |  3.8
Ice Magic      | 1 |  1.9
Dodging        | 3 |  3.5
Fighting       | 1 |  1.2
Hexes          | 4 |  4.4
Throwing       | |  0.2
Armour         | |  0.7

Action                   |  1- 3 |  4- 6 |  7- 9 || total
-------------------------+-------+-------+-------++-------
Melee: Dagger            |    83 |   182 |   102 ||   367
Throw: Dart              |       |     2 |     1 ||     3
 Cast: Corona            |     7 |       |       ||     7
       Ensorcelled Hiber |    13 |    26 |    14 ||    53
       Confusing Touch   |     2 |     8 |    12 ||    22
  Use: Potion            |       |     1 |       ||     1
 Stab: Sleeping          |    19 |    20 |     4 ||    43
       Confused          |     2 |     6 |    11 ||    19
  Eat: Chunk             |     7 |    16 |     4 ||    27
Armor: Robe              |     8 |    24 |       ||    32
       Troll leather arm |       |    16 |    30 ||    46
Dodge: Dodged            |    57 |   154 |    83 ||   294

Table legend:
 A = Non-vault XP
 B = Vault XP
 C = Vault XP percentage of total XP
 D = Non-vault monster count
 E = Vault monster count
 F = Vault count percentage of total count
                 A         B        C        D         E       F
            +---------+---------+-------+---------+---------+-------
      Total |     552 |     228 |  29.2 |      75 |      11 |  12.8
            +---------+---------+-------+---------+---------+-------
        D:1 |      41 |       0 |   0.0 |      22 |       0 |   0.0
        D:2 |      51 |      61 |  54.5 |      13 |       6 |  31.6
        D:3 |     316 |     167 |  34.6 |      31 |       5 |  13.9
        D:4 |     144 |       0 |   0.0 |       9 |       0 |   0.0
            +---------+---------+-------+---------+---------+-------
